 Dungeon Crawl Stone Soup version 0.27-a0-463-gec7707c53d (webtiles) character file.

Game seed: 16109483848418565280

49 jasper the Sneak (level 3, -4/16 HPs)
             Began as a Spriggan Enchanter on Feb 28, 2021.
             Slain by a gnoll
             ... wielding a +0 whip
              (11 damage)
             ... on level 3 of the Dungeon.
             The game lasted 00:03:31 (1778 turns).

jasper the Sneak (Spriggan Enchanter)               Turns: 1778, Time: 00:03:32

Health: -4/16      AC:  2    Str:  4    XL:     3   Next: 53%
Magic:  5/8        EV: 18    Int: 16    God:
Gold:   68         SH:  0    Dex: 16    Spells: 5/8 levels left

rFire    . . .     SeeInvis +   g - +0 dagger (venom)
rCold    . . .     Faith    .   (shield restricted)
rNeg     . . .     Spirit   .   b - +0 robe
rPois    .         Reflect  .   (helmet restricted)
rElec    .         Harm     .   (no cloak)
rCorr    .         Rampage  .   (gloves unavailable)
Will     .....                  (boots unavailable)
Stlth    +++.......             (no amulet)
HPRegen  0.05/turn              (no ring)
MPRegen  0.11/turn              (no ring)

@: very quick
A: very small, unfitting armour, see invisible, speed 3
a: no special abilities


You were on level 3 of the Dungeon.
You visited 1 branch of the dungeon, and saw 3 of its levels.

You collected 68 gold pieces.

Inventory:

Hand Weapons
 a - a +1 dagger
 f - a +0 short sword
 g - a +0 dagger of venom (weapon)
 i - a +0 dagger of draining
Missiles
 m - 3 curare-tipped darts
Armour
 b - a +0 robe (worn)
Scrolls
 c - 3 scrolls of identify {unknown}
 d - a scroll of enchant armour {unknown}
 h - 3 scrolls of teleportation {unknown}
 j - a scroll of random uselessness {unknown}
 k - a scroll of amnesia {unknown}
Potions
 e - a potion of heal wounds {unknown}
 l - a potion of curing {unknown}


   Skills:
 + Level 2.0 Short Blades
 - Level 2.6 Dodging
 + Level 5.2 Stealth
 - Level 3.0 Spellcasting
 + Level 4.2 Hexes
 + Level 0.7 Ice Magic


You had 5 spell levels left.
You knew the following spells:

 Your Spells              Type           Power        Failure   Level
a - Corona                Hex            16%          3%          1
b - Ensorcelled Hibernat  Hex/Ice        20%          11%         2

Your spell library contained the following spells:

 Spells                   Type           Power        Failure   Level
 Confusing Touch          Hex            15%          10%         3
 Tukima's Dance           Hex            15%          10%         3
 Dazzling Flash           Conj/Hex       18%          24%         3


Dungeon Overview and Level Annotations

Branches:
Dungeon (3/15)

Altars:


Innate Abilities, Weirdness & Mutations

You are very small and have problems with some larger weapons.
You are too small for most types of armour.
You have supernaturally acute eyesight. (SInv)
You cover ground extremely quickly.


Message History

There is a stone staircase leading down here.
You climb downwards.
There is a stone staircase leading up here.
There is an escape hatch in the floor here.
c - 3 scrolls labelled QAGIS JOMMOGH (gained 1)
A gnoll is nearby!
A gnoll is nearby!
A gnoll is nearby!
A gnoll comes into view. It is wielding a +0 halberd.
Found 4 gold pieces.
Aiming: Ensorcelled Hibernation (safe; 11% risk of failure)
Press: ? - help, Q - select action, (/) - cycle Shift-Dir - straight line, f - gnoll
Aim: a gnoll (chance to affect: 50%)
The gnoll resists with some effort.
The gnoll shouts!
You now have 6/8 mp.
You hit the gnoll.
The gnoll is poisoned.
The gnoll is moderately wounded.
Aiming: Ensorcelled Hibernation (safe; 11% risk of failure)
Press: ? - help, Q - select action, (/) - cycle Shift-Dir - straight line, f/p - gnoll
Aim: a gnoll (moderately wounded, very poisoned, chance to affect: 50%)
The gnoll resists with some effort.
The gnoll hits you.
You take 3 damage, and have 13/16 hp.
You now have 4/8 mp.
You barely miss the gnoll.
The gnoll is moderately wounded.
The gnoll hits you!
Ouch! That really hurt!
You take 8 damage, and have 5/16 hp.
MASSIVE DAMAGE!!
You see here a +0 club.
A gnoll is nearby!
Aiming: Ensorcelled Hibernation (safe; 11% risk of failure)
Press: ? - help, Q - select action, (/) - cycle Shift-Dir - straight line, f/p - gnoll
Aim: a gnoll (heavily wounded, chance to affect: 50%)
The gnoll resists with some effort.
You now have 4/8 mp.
There is a stone staircase leading down here.
You climb downwards.
The gnoll hits you with a +0 whip!
Ouch! That really hurt!
You die...

#.# #.# #.# #.# #
#.# .. #.# ..g
#.# g...
...######.##
...##
#.....@...#.....#
###..g...........
#.####.##....8. #
#.# .....! #..
##..# #### ##


You could see a gnoll.

Vanquished Creatures
  A gnoll (D:2)
  3 dart slugs
  2 giant cockroaches (D:1)
  4 goblins (D:1)
  3 hobgoblins (D:1)
  2 jackals (D:1)
  4 kobolds (D:1)
  A quokka (D:2)
  A ball python (D:1)
  4 bats (D:1)
  3 frilled lizards (D:1)
  6 rats
34 creatures vanquished.

Notes
Turn   | Place    | Note
-------+----------+-------------------------------------------
     0 | D:1      | jasper the Spriggan Enchanter began the quest for the Orb.
     0 | D:1      | Reached XP level 1. HP: 9/9 MP: 5/5
   664 | D:2      | Reached XP level 2. HP: 13/13 MP: 2/6
   700 | D:2      | Learned a level 2 spell: Ensorcelled Hibernation
   911 | D:1      | Reached skill level 5 in Stealth
  1084 | D:1      | Reached XP level 3. HP: 16/16 MP: 8/8
  1778 | D:3      | Slain by a gnoll

Illustrated notes

Levels and vault maps discovered:
D:1:      minmay_arrival_loop, layout_rooms
D:2:      layout_rooms, chequers_ecumenical_altar_grove, kennysheep_path_1
D:3:      layout_loops_ring, kiku_gazebo_garden_becter, mrwooster_statue_mirror,
          doesnt_xom_only_xom

Skill      XL: |  1  2  3 |
---------------+----------+-----
Spellcasting   | 3 |  3.0
Stealth        | 5 |  5.2
Hexes          | 4 |  4.2
Short Blades   | 2 |  2.0
Dodging        | |  2.6
Ice Magic      | |  0.7

Action                   || total
-------------------------++-------
Melee: Dagger            ||    88
 Cast: Corona            ||     9
       Ensorcelled Hiber ||    10
 Stab: Sleeping          ||    12
Armor: Robe              ||     9
Dodge: Dodged            ||    58

Table legend: (Time is in decaauts)
 A = Elapsed time spent in this place.
 B = Non-inter-level travel time spent in this place.
 C = Inter-level travel time spent in this place.
 D = Time resting spent in this place.
 E = Time spent auto-exploring this place.
 F = Levels seen in this place.
 G = Mean time per level.
                   A        B        C        D        E       F      G
               +--------+--------+--------+--------+--------+-----+--------+
         Total |   1411 |   1411 |      0 |    424 |    609 |   3 |  470.3 |
       Dungeon |   1411 |   1411 |      0 |    424 |    609 |   3 |  470.3 |
               +--------+--------+--------+--------+--------+-----+--------+

Top non-repeatable levels by time:
     D:1: 704 daAuts
     D:2: 532 daAuts
     D:3: 173 daAuts
